 Dungeon Crawl Stone Soup version 0.20.1-1-g8b1a95d (webtiles) character file.

105 Mesmaeker13 the Skirmisher (level 4, -14/48 HPs)
             Began as an Ogre Gladiator on Dec 24, 2017.
             Demolished by a gnoll
             ... wielding a +0 halberd
              (16 damage)
             ... on level 3 of the Dungeon.
             The game lasted 00:03:26 (2807 turns).

Mesmaeker13 the Skirmisher (Ogre Gladiator)         Turns: 2807, Time: 00:03:27

Health: -14/48     AC:  3    Str: 18    XL:     4   Next: 83%
Magic:  4/4        EV: 11    Int: 10    God:
Gold:   111        SH:  0    Dex: 10    Spells: 3/3 levels left

rFire    . . .     SeeInvis .   a - +0 flail
rCold    . . .     Gourm    .   (no shield)
rNeg     . . .     Faith    .   b - +0 robe
rPois    .         Spirit   .   c - +0 hat
rElec    .         Reflect  .   m - scarf {repulsion}
rCorr    .         Harm     .   (gloves unavailable)
MR       .....                  (boots unavailable)
Stlth    +.........             (no amulet)
Regen    0.2/turn               (no ring)
MPRegen  0.1/turn               (no ring)

@: repel missiles
A: unfitting armour, tough skin 1
a: no special abilities


You were on level 3 of the Dungeon.
You were hungry.

You visited 1 branch of the dungeon, and saw 3 of its levels.

You collected 111 gold pieces.

Inventory:

Hand Weapons
 a - a +0 flail (weapon)
 n - a +4 hunting sling of flaming
 p - a +2 mace of protection
Armour
 b - a +0 robe (worn)
 c - a +0 hat (worn)
 m - a scarf of repulsion (worn)
Scrolls
 e - a scroll of fog
 h - 5 scrolls of recharging
 i - a scroll of amnesia
 o - a scroll of teleportation
Potions
 j - a potion of haste
Comestibles
 f - 3 bread rations
 g - 2 meat rations
 k - 2 royal jellies
 l - a chunk of flesh


   Skills:
 + Level 4.2 Fighting
 + Level 3.6 Maces & Flails
 - Level 2.0 Throwing
 + Level 3.5 Dodging


You had 3 spell levels left.
You didn't know any spells.

Dungeon Overview and Level Annotations

Branches:
Dungeon (3/15)

Altars:

Annotations:
D:2 1 runed door


Innate Abilities, Weirdness & Mutations

You are too large for most types of armour.
You have tough skin. (AC +1)


Message History

The gnoll barely misses you.
You barely miss the gnoll.
The gnoll is severely wounded.
A gnoll comes into view. It is wielding a whip.
You closely miss the gnoll. The gnoll hits you with a halberd!
The gnoll completely misses you.
You sock the gnoll!
The gnoll is severely wounded.
The gnoll barely misses you. The gnoll hits you with a whip!
* * * LOW HITPOINT WARNING * * *
You hit the gnoll.
The gnoll is almost dead.
The gnoll hits you with a halberd.
* * * LOW HITPOINT WARNING * * *
The gnoll closely misses you.
Unknown command.
Okay, then.
Unknown command.
The gnoll hits you from afar with a halberd!
You die...

###### #..# ####.## #.##
......# #.# ####.#######.#
## ####.#.......# ..
.......####### .# ####.###
.# ##.## ######.# #<..#
#g)@...# #...# #g#######
#...########.......#
#.........##..####.#
###...#####.....(.# .# ...
............รท#.<..##.#....
............#.#.#.........
............##.......#....
###.........#####.#### .


You could see 2 gnolls.

Vanquished Creatures
  2 gnolls (D:3)
  An adder (D:2)
  2 oozes
  2 worms (D:2)
  3 leopard geckos (D:2)
  9 bats
  2 giant cockroaches (D:2)
  7 goblins
  6 hobgoblins
  6 jackals (D:2)
  4 quokkas
  4 frilled lizards
  5 kobolds
  4 rats
  2 fungi (D:2)
59 creatures vanquished.

Notes
Turn   | Place    | Note
-------+----------+-------------------------------------------
     0 | D:1      | Mesmaeker13 the Ogre Gladiator began the quest for the Orb.
     0 | D:1      | Reached XP level 1. HP: 22/22 MP: 1/1
    47 | D:1      | Reached skill level 3 in Fighting
   306 | D:1      | Reached XP level 2. HP: 25/31 MP: 2/2
  1245 | D:2      | Reached XP level 3. HP: 36/37 MP: 3/3
  1610 | D:2      | Found a runed door.
  1775 | D:2      | Reached XP level 4. HP: 48/48 MP: 4/4
  2092 | D:2      | Reached skill level 4 in Fighting
  2806 | D:3      | HP: 2/48 [gnoll/halberd (5)]
  2807 | D:3      | Demolished by a gnoll

Skill      XL: |  1  2  3  4 |
---------------+-------------+-----
Fighting       | 3 4 |  4.2
Dodging        | 3 |  3.5
Maces & Flails | 3 |  3.6
Throwing       | |  2.0

Action                   |  1- 3 |  4- 6 || total
-------------------------+-------+-------++-------
Melee: Flail             |   169 |   102 ||   271
Throw: Throwing net      |       |     3 ||     3
  Use: Scroll            |     4 |     2 ||     6
  Eat: Chunk             |     3 |     3 ||     6
Armor: Robe              |    62 |    51 ||   113
Dodge: Dodged            |   110 |    92 ||   202
       Deflected         |       |     2 ||     2
